[ AOE2 MATCH · #474558248 ]
1v1 RMTeutons vs Portuguese
Player's team · WIN
[ REPLAY ANALYSIS · EXTRACTED FROM THE RECORDED GAME ]
Feudal
12:42
Castle
25:18
Imperial
40:14
| APM avg | 18.4 |
| APM peak | 45 |
| eAPM avg | 15.4 |
| Villagers / military | 92 / 79 |
Focus
⚔️ 27.3% · 🌾 72.7%
Skirmisher ×17 · Spearman ×12 · Knight ×11 · Teutonic Knight ×11 · Battering Ram ×7 · Trebuchet (Packed) ×6
Feudal
11:56
Castle
20:37
Imperial
34:33
| APM avg | 15.1 |
| APM peak | 29 |
| eAPM avg | 9.5 |
| Villagers / military | 139 / 89 |
Focus
⚔️ 19.9% · 🌾 80.1%
Archer ×71 · Scout Cavalry ×11 · Monk ×3 · Mangonel ×2 · Trebuchet (Packed) ×2
Match map
Initial resources + every placement click. Lines = walls · curves = elevation contours. ◆ gold · ⬟ stone · ● berries · ✦ relic · ◌ wall gap
Your base· ✓ Closed at 25:18 · 4t walls · 4 gate(s)
javierejas's base· ✓ Closed at 20:37 · 0t walls · 7 gate(s) · fragile
Smoothed initial terrain · ◌ = detected wall gap · hover for details
Inputs per minute
— EL PADRE SANTO - - javierejas
Build order — EL PADRE SANTO
First 150 of 270 actions detected
| 0:17 | Research | Loom |
| 0:18 | Create | Villager (Male) |
| 0:18 | Create | Villager (Male) |
| 0:18 | Create | Villager (Male) |
| 0:18 | Create | Villager (Male) |
| 0:18 | Create | Villager (Male) |
| 0:29 | Build | House |
| 0:29 | Build | House |
| 0:30 | Build | House |
| 0:31 | Build | House |
| 2:12 | Create | Villager (Male) |
| 2:49 | Create | Villager (Male) |
| 3:21 | Create | Villager (Male) |
| 3:21 | Create | Villager (Male) |
| 3:51 | Create | Villager (Male) |
| 4:17 | Create | Villager (Male) |
| 4:36 | Create | Villager (Male) |
| 4:53 | Create | Villager (Male) |
| 5:10 | Create | Villager (Male) |
| 5:11 | Create | Villager (Male) |
| 5:43 | Create | Villager (Male) |
| 5:43 | Create | Villager (Male) |
| 6:37 | Create | Villager (Male) |
| 6:37 | Create | Villager (Male) |
| 6:46 | Build | Lumber Camp |
| 7:03 | Create | Villager (Male) |
| 7:03 | Create | Villager (Male) |
| 7:03 | Create | Villager (Male) |
| 7:47 | Create | Villager (Male) |
| 7:47 | Create | Villager (Male) |
| 7:48 | Create | Villager (Male) |
| 7:48 | Create | Villager (Male) |
| 8:04 | Build | Mill |
| 8:06 | Create | Villager (Male) |
| 8:07 | Create | Villager (Male) |
| 8:07 | Create | Villager (Male) |
| 8:37 | Build | House |
| 9:11 | Build | House |
| 9:57 | Build | Mining Camp |
| 10:04 | Research | Feudal Age |
| 11:26 | Build | Barracks |
| 12:21 | Create | Militia |
| 12:21 | Create | Militia |
| 12:22 | Create | Militia |
| 12:37 | Build | Farm |
| 12:38 | Build | Farm |
| 12:38 | Build | Farm |
| 12:39 | Build | Farm |
| 12:41 | Build | Farm |
| 12:42 | Age | Feudal Age |
| 12:44 | Create | Spearman |
| 12:44 | Create | Spearman |
| 12:44 | Create | Spearman |
| 12:46 | Create | Villager (Male) |
| 12:46 | Create | Villager (Male) |
| 12:46 | Create | Villager (Male) |
| 12:47 | Create | Villager (Male) |
| 13:17 | Build | Stable |
| 13:19 | Create | Villager (Male) |
| 13:20 | Create | Villager (Male) |
| 13:39 | Build | House |
| 13:40 | Build | House |
| 13:54 | Research | Man-at-Arms (upgrade) |
| 14:18 | Research | Arson |
| 14:39 | Build | Blacksmith |
| 14:40 | Create | Villager (Male) |
| 14:41 | Create | Villager (Male) |
| 14:50 | Build | House |
| 14:51 | Build | House |
| 15:00 | Create | Scout Cavalry |
| 15:01 | Create | Scout Cavalry |
| 15:30 | Build | Watch Tower |
| 15:42 | Create | Villager (Male) |
| 15:48 | Research | Forging |
| 16:00 | Build | Farm |
| 16:56 | Research | Bloodlines |
| 17:07 | Create | Villager (Male) |
| 17:07 | Create | Villager (Male) |
| 17:27 | Build | Farm |
| 17:28 | Build | Farm |
| 17:28 | Build | Farm |
| 17:29 | Build | Farm |
| 17:30 | Build | Farm |
| 18:05 | Build | Farm |
| 18:05 | Build | Farm |
| 18:10 | Create | Villager (Male) |
| 18:10 | Create | Villager (Male) |
| 18:10 | Create | Villager (Male) |
| 18:18 | Build | Farm |
| 18:41 | Create | Villager (Male) |
| 18:41 | Create | Villager (Male) |
| 18:50 | Build | Farm |
| 19:05 | Build | House |
| 19:05 | Build | House |
| 19:07 | Build | House |
| 19:11 | Build | House |
| 19:28 | Build | Market |
| 19:30 | Create | Villager (Male) |
| 19:30 | Create | Villager (Male) |
| 19:30 | Create | Villager (Male) |
| 19:43 | Research | Scale Mail Armor |
| 20:03 | Build | Palisade Wall |
| 20:09 | Build | Palisade Wall |
| 20:30 | Build | Archery Range |
| 20:42 | Build | Farm |
| 21:42 | Create | Archer |
| 21:42 | Create | Archer |
| 21:42 | Create | Archer |
| 22:01 | Build | Mining Camp |
| 22:29 | Build | Lumber Camp |
| 22:38 | Research | Castle Age |
| 22:42 | Create | Skirmisher |
| 22:42 | Create | Skirmisher |
| 22:42 | Create | Skirmisher |
| 23:58 | Create | Skirmisher |
| 23:58 | Create | Skirmisher |
| 23:59 | Create | Skirmisher |
| 24:47 | Research | Horse Collar |
| 24:51 | Research | Double-Bit Axe |
| 25:07 | Research | Fletching |
| 25:09 | Research | Padded Archer Armor |
| 25:10 | Create | Villager (Male) |
| 25:10 | Create | Villager (Male) |
| 25:10 | Create | Villager (Male) |
| 25:18 | Age | Castle Age |
| 25:28 | Build | Castle |
| 25:34 | Research | Crossbowman (upgrade) |
| 25:35 | Research | Elite Skirmisher (upgrade) |
| 25:36 | Create | Villager (Male) |
| 25:36 | Create | Villager (Male) |
| 25:57 | Build | Castle |
| 26:19 | Create | Skirmisher |
| 26:19 | Create | Skirmisher |
| 26:19 | Create | Skirmisher |
| 26:19 | Create | Skirmisher |
| 26:19 | Create | Skirmisher |
| 26:20 | Create | Skirmisher |
| 26:23 | Create | Villager (Male) |
| 26:41 | Create | Villager (Male) |
| 26:42 | Create | Villager (Male) |
| 26:42 | Create | Villager (Male) |
| 27:24 | Create | Skirmisher |
| 27:25 | Create | Skirmisher |
| 27:25 | Create | Skirmisher |
| 27:25 | Create | Skirmisher |
| 27:25 | Create | Skirmisher |
| 27:40 | Create | Knight |
| 27:40 | Create | Knight |
| 27:40 | Create | Knight |
| 28:00 | Build | Siege Workshop |
Build order — javierejas
First 150 of 219 actions detected
| 0:05 | Create | Villager (Male) |
| 0:05 | Create | Villager (Male) |
| 0:05 | Create | Villager (Male) |
| 0:06 | Create | Villager (Male) |
| 0:08 | Build | House |
| 0:17 | Build | House |
| 1:41 | Create | Villager (Male) |
| 1:42 | Create | Villager (Male) |
| 1:42 | Create | Villager (Male) |
| 2:02 | Build | Lumber Camp |
| 2:09 | Create | Villager (Male) |
| 2:10 | Create | Villager (Male) |
| 2:10 | Create | Villager (Male) |
| 2:37 | Create | Villager (Male) |
| 3:01 | Create | Villager (Male) |
| 3:01 | Create | Villager (Male) |
| 3:14 | Create | Villager (Male) |
| 3:15 | Create | Villager (Male) |
| 3:44 | Create | Villager (Male) |
| 3:56 | Build | Mill |
| 4:33 | Create | Villager (Male) |
| 4:34 | Create | Villager (Male) |
| 4:34 | Create | Villager (Male) |
| 4:34 | Create | Villager (Male) |
| 5:03 | Build | House |
| 5:06 | Research | Loom |
| 5:07 | Create | Villager (Male) |
| 5:21 | Build | House |
| 5:23 | Build | House |
| 5:30 | Create | Villager (Male) |
| 5:31 | Create | Villager (Male) |
| 6:08 | Create | Villager (Male) |
| 6:08 | Create | Villager (Male) |
| 6:09 | Create | Villager (Male) |
| 6:09 | Create | Villager (Male) |
| 6:09 | Create | Villager (Male) |
| 6:32 | Create | Villager (Male) |
| 6:32 | Create | Villager (Male) |
| 6:33 | Create | Villager (Male) |
| 7:08 | Build | Mill |
| 7:30 | Create | Villager (Male) |
| 8:14 | Create | Villager (Male) |
| 8:43 | Build | Lumber Camp |
| 9:28 | Research | Feudal Age |
| 10:01 | Build | Mining Camp |
| 10:09 | Create | Villager (Male) |
| 10:09 | Create | Villager (Male) |
| 10:09 | Create | Villager (Male) |
| 10:09 | Create | Villager (Male) |
| 10:10 | Create | Villager (Male) |
| 11:00 | Build | Mining Camp |
| 11:12 | Build | Barracks |
| 11:35 | Build | Barracks |
| 11:41 | Build | House |
| 11:49 | Build | House |
| 11:50 | Build | House |
| 11:52 | Build | House |
| 11:56 | Age | Feudal Age |
| 12:04 | Build | Farm |
| 12:17 | Build | Farm |
| 12:19 | Build | Farm |
| 12:20 | Build | Farm |
| 12:36 | Build | Blacksmith |
| 12:57 | Build | Archery Range |
| 13:02 | Build | House |
| 13:10 | Create | Villager (Male) |
| 13:11 | Create | Villager (Male) |
| 13:11 | Create | Villager (Male) |
| 13:11 | Create | Villager (Male) |
| 13:11 | Create | Villager (Male) |
| 13:12 | Create | Villager (Male) |
| 13:22 | Build | Farm |
| 13:26 | Build | Farm |
| 13:27 | Build | Farm |
| 13:34 | Create | Villager (Male) |
| 13:34 | Create | Villager (Male) |
| 13:40 | Build | Farm |
| 13:44 | Build | Farm |
| 13:48 | Build | Farm |
| 13:50 | Build | Farm |
| 13:51 | Build | Farm |
| 14:28 | Build | Farm |
| 14:30 | Build | Farm |
| 14:33 | Build | Farm |
| 14:59 | Research | Horse Collar |
| 15:01 | Research | Double-Bit Axe |
| 16:15 | Create | Villager (Male) |
| 16:45 | Build | Stable |
| 16:49 | Create | Villager (Male) |
| 16:56 | Create | Archer ×5 |
| 17:29 | Create | Villager (Male) |
| 17:57 | Research | Castle Age |
| 18:35 | Research | Padded Archer Armor |
| 19:02 | Research | Gold Mining |
| 19:06 | Research | Stone Mining |
| 19:12 | Create | Archer |
| 20:06 | Create | Villager (Male) ×5 |
| 20:06 | Create | Villager (Male) ×5 |
| 20:30 | Research | Fletching |
| 20:33 | Create | Archer ×5 |
| 20:37 | Age | Castle Age |
| 20:55 | Research | Thumb Ring |
| 21:04 | Create | Archer |
| 21:05 | Create | Archer |
| 21:19 | Build | Town Center |
| 21:42 | Build | Monastery |
| 21:53 | Build | University |
| 22:03 | Research | Crossbowman (upgrade) |
| 22:21 | Research | Town Watch |
| 22:21 | Research | Wheelbarrow |
| 22:22 | Create | Villager (Male) |
| 22:44 | Create | Archer ×5 |
| 22:44 | Create | Archer ×5 |
| 22:55 | Build | Farm |
| 22:56 | Build | Farm |
| 22:57 | Build | Farm |
| 22:58 | Build | Farm |
| 23:07 | Create | Villager (Male) ×4 |
| 23:07 | Create | Villager (Male) ×4 |
| 23:07 | Create | Villager (Male) ×4 |
| 23:23 | Build | Town Center |
| 24:39 | Build | Farm |
| 24:44 | Research | Hand Cart |
| 24:46 | Create | Villager (Male) ×3 |
| 24:55 | Build | Farm |
| 25:15 | Build | Castle |
| 25:39 | Build | House |
| 25:49 | Build | House |
| 25:51 | Build | House |
| 25:54 | Create | Archer ×5 |
| 25:54 | Create | Archer ×5 |
| 26:06 | Create | Monk |
| 26:18 | Research | Town Patrol |
| 26:19 | Create | Villager (Male) ×5 |
| 26:19 | Create | Villager (Male) ×5 |
| 26:49 | Create | Villager (Male) ×2 |
| 26:54 | Build | Farm |
| 27:14 | Build | Farm |
| 27:18 | Build | Farm |
| 27:51 | Research | Bow Saw |
| 27:55 | Research | Heavy Plow |
| 28:01 | Build | House |
| 28:02 | Build | House |
| 28:04 | Build | House |
| 28:06 | Build | House |
| 28:09 | Build | House |
| 28:14 | Build | House |
| 28:36 | Create | Villager (Male) ×5 |
| 28:43 | Build | Siege Workshop |
| 29:20 | Build | Farm |
Match timeline
| 11:12 | javierejas · first_building Barracks |
| 11:26 | EL PADRE SANTO · first_building Barracks |
| 11:56 | javierejas · age_up feudal |
| 12:42 | EL PADRE SANTO · age_up feudal |
| 12:57 | javierejas · first_building Archery Range |
| 13:17 | EL PADRE SANTO · first_building Stable |
| 16:45 | javierejas · first_building Stable |
| 20:03 | EL PADRE SANTO · wall_segment Palisade Wall x3 |
| 20:09 | EL PADRE SANTO · wall_segment Palisade Wall x1 |
| 20:30 | EL PADRE SANTO · first_building Archery Range |
| 20:37 | javierejas · age_up castle |
| 21:42 | javierejas · first_building Monastery |
| 25:15 | javierejas · first_building Castle |
| 25:18 | EL PADRE SANTO · age_up castle |
| 25:28 | EL PADRE SANTO · first_building Castle |
| 28:00 | EL PADRE SANTO · first_building Siege Workshop |
| 28:43 | javierejas · first_building Siege Workshop |
| 29:51 | EL PADRE SANTO · first_market_buy 100 stone |
| 33:35 | EL PADRE SANTO · wall_segment Stone Wall x2 |
| 34:33 | javierejas · age_up imperial |
| 36:23 | EL PADRE SANTO · wall_segment Stone Wall x13 |
| 37:01 | EL PADRE SANTO · first_market_sell 100 food |
| 40:14 | EL PADRE SANTO · age_up imperial |
| 42:50 | javierejas · resign |
[ AI ANALYSIS · 1 CREDIT ]
What really happened in this match?
Wolo.gg analyzes every decision: build order, eco, micro, common mistakes by bracket. Personalized analysis on WhatsApp or Discord in 30 seconds.
Civ guide
Teutons
Map guide
Hideout
Perfil
EL_PUERCO_REDENTOR